 Dungeon Crawl Stone Soup version 0.23-a0-396-g5214e5f (webtiles) character file.

58 GizzardofKazz the Chopper (level 4, -1/35 HPs)
             Began as a Formicid Fighter on Nov 3, 2018.
             Slain by Sigmund
             ... wielding a +0 scythe
              (6 damage)
             ... on level 2 of the Dungeon.
             The game lasted 00:02:58 (1097 turns).

GizzardofKazz the Chopper (Formicid Fighter)        Turns: 1097, Time: 00:02:58

Health: -1/35      AC:  6    Str: 22    XL:     4   Next: 20%
Magic:  4/4        EV:  8    Int:  7    God:
Gold:   92         SH:  9    Dex: 10    Spells: 3/3 levels left

rFire    . . .     SeeInvis +   a - +0 war axe
rCold    . . .     Gourm    .   c - +0 shield
rNeg     . . .     Faith    .   b - +0 scale mail
rPois    .         Spirit   .   (helmet unavailable)
rElec    .         Reflect  .   (no cloak)
rCorr    .         Harm     .   (no gloves)
MR       .....                  (no boots)
Stlth    ..........             (no amulet)
HPRegen  0.11/turn              (no ring)
MPRegen  0.09/turn              (no ring)

@: no status effects
A: permanent stasis, dig shafts and tunnels, four strong arms, antennae 3
a: Dig, Shaft Self


You were on level 2 of the Dungeon.
You were not hungry.

You visited 1 branch of the dungeon, and saw 2 of its levels.

You collected 92 gold pieces.

Inventory:

Hand Weapons
 a - a +0 war axe (weapon)
Armour
 b - a +0 scale mail (worn)
 c - a +0 shield (worn)
Scrolls
 e - 2 scrolls of teleportation {unknown}
 i - a scroll of enchant armour {unknown}
 j - a scroll of magic mapping {unknown}
 k - a scroll of blinking {unknown}
 l - a scroll of immolation {unknown}
Potions
 d - a potion of might
Comestibles
 f - 3 rations
 g - 2 chunks of flesh


   Skills:
 - Level 3.2 Fighting
 + Level 4.1 Axes
 - Level 3.2 Armour
 - Level 3.6 Shields


You had 3 spell levels left.
You didn't know any spells.
Your spell library was empty.

Dungeon Overview and Level Annotations

Branches:
Dungeon (2/15)

Altars:

Annotations:
D:2 Sigmund


Innate Abilities, Weirdness & Mutations

You cannot be hasted, slowed, berserked, paralysed or teleported.
You can dig through walls and to a lower floor.
Your four strong arms can wield two-handed weapons with a shield.
You have a pair of large antennae on your head. (SInv)


Message History

Sigmund completely misses you.
You miss Sigmund.
You bump into the rock wall.
Sigmund hits you with a +0 scythe.
You miss Sigmund. Sigmund closely misses you.
You miss Sigmund. Sigmund hits you but does no damage.
You closely miss Sigmund. Sigmund hits you but does no damage.
Sigmund hits you from afar with a +0 scythe.
Sigmund closely misses you.
Sigmund hits you from afar with a +0 scythe!
* * * LOW HITPOINT WARNING * * *
Unknown command.
You feel less confused.
Sigmund hits you from afar with a +0 scythe.
* * * LOW HITPOINT WARNING * * *
Wield which item (- for none, * to show all)? (? for menu, Esc to quit)
Okay, then.
It was a potion of haste.
Your stasis prevents you from being hasted.
Sigmund hits you from afar with a +0 scythe.
You die...

#. ##.####...#### #. ###
#.# #...# # .. ..# #.#
#...# # # #.# ##+## #####
# .###.###.###...## #
..... ...##.....## ###
..#... #.#.......## ##.#
......##$.........####...
......@.@.........+......
........$.........####...
...?........)....## ##..
#.###.###.#.....## ##. #
#.. #.##...## #. #.#
#.###'## #. #. #.# #.# #.
.. ..# #.# #. ## #####.##
#.


You could see Sigmund.

Vanquished Creatures
  2 adders (D:2)
  An ooze (D:1)
  A worm (D:2)
  2 dart slugs (D:1)
  A leopard gecko (D:1)
  2 giant cockroaches (D:1)
  A goblin (D:1)
  4 hobgoblins (D:1)
  3 jackals (D:1)
  2 bats
  4 kobolds
  4 rats
27 creatures vanquished.

Notes
Turn   | Place    | Note
-------+----------+-------------------------------------------
     0 | D:1      | GizzardofKazz the Formicid Fighter began the quest for the
                  | Orb.
     0 | D:1      | Reached XP level 1. HP: 18/18 MP: 1/1
     8 | D:1      | Reached XP level 2. HP: 24/24 MP: 2/2
    66 | D:1      | Reached skill level 3 in Axes
   342 | D:1      | Reached XP level 3. HP: 29/29 MP: 3/3
   975 | D:2      | Reached skill level 4 in Axes
   975 | D:2      | Reached XP level 4. HP: 33/35 MP: 4/4
  1075 | D:2      | Noticed Sigmund
  1097 | D:2      | Slain by Sigmund

Vault maps used:
D:1:      dpeg_arrival_simpleton_c, serial_glass, glass_columns_c,
          glass_columns_a, fountainhead, minmay_misc_feat_nine_boxes
D:2:      cheibrodos_fertilizer, st_stairs_4, uniq_sigmund

Skill      XL: |  1  2  3 |
---------------+----------+-----
Axes           | 3 4 |  4.1
Fighting       | |  3.2
Armour         | |  3.2
Shields        | |  3.6

Action                   |  1- 3 |  4- 6 || total
-------------------------+-------+-------++-------
Melee: War axe           |    77 |    11 ||    88
  Use: Potion            |       |     1 ||     1
  Eat: Chunk             |       |     1 ||     1
Armor: Scale mail        |    36 |     4 ||    40
Dodge: Dodged            |    25 |     8 ||    33
Block: Shield            |    41 |     2 ||    43

Table legend:
 A = Non-vault XP
 B = Vault XP
 C = Vault XP percentage of total XP
 D = Non-vault monster count
 E = Vault monster count
 F = Vault count percentage of total count
                 A         B        C        D         E       F
            +---------+---------+-------+---------+---------+-------
      Total |      83 |       0 |   0.0 |      27 |       0 |   0.0
            +---------+---------+-------+---------+---------+-------
        D:1 |      47 |       0 |   0.0 |      21 |       0 |   0.0
        D:2 |      36 |       0 |   0.0 |       6 |       0 |   0.0
            +---------+---------+-------+---------+---------+-------
